 Dungeon Crawl Stone Soup version 0.21.0 (webtiles) character file.

247 Manul the Charlatan (level 5, -3/42 HPs)
             Began as a Draconian Artificer on Jan 7, 2018.
             Slain by an ice beast (10 damage)
             ... on level 4 of the Dungeon.
             The game lasted 00:02:26 (2110 turns).

Manul the Charlatan (Draconian Artificer)           Turns: 2110, Time: 00:02:27

Health: -3/42      AC:  5    Str: 15    XL:     5   Next: 85%
Magic:  8/8        EV: 13    Int: 11    God:
Gold:   55         SH:  5    Dex: 12    Spells: 4/4 levels left

rFire    . . .     SeeInvis .   k - +3 dagger (speed)
rCold    . . .     Gourm    .   (no shield)
rNeg     . . .     Faith    .   (armour unavailable)
rPois    .         Spirit   .   (helmet restricted)
rElec    .         Reflect  +   (no cloak)
rCorr    .         Harm     .   (no gloves)
MR       .....                  (no boots)
Stlth    ++........             i - +5 amulet of reflection
HPRegen  0.14/turn              (no ring)
MPRegen  0.11/turn              (no ring)

@: flying, slowed, very slow
A: unfitting armour, cold-blooded, AC +5
a: no special abilities


You were on level 4 of the Dungeon.
You were not hungry.

You visited 1 branch of the dungeon, and saw 4 of its levels.

You collected 55 gold pieces.

Inventory:

Hand Weapons
 a - a +0 short sword
 k - a +3 dagger of speed (weapon)
Jewellery
 i - a +5 amulet of reflection (around neck)
Wands
 b - a wand of flame (13)
 c - a wand of enslavement (15)
 d - a wand of random effects (44)
 w - a wand of iceblast (8)
Scrolls
 e - a scroll of noise {unknown}
 l - a scroll of fog
 m - a scroll of amnesia {unknown}
 n - a scroll of magic mapping {unknown}
 o - 2 scrolls of identify {unknown}
 r - a scroll of teleportation {unknown}
 s - a scroll of fear {unknown}
 v - a scroll of blinking
 x - 3 scrolls of remove curse
Potions
 g - a potion of heal wounds {unknown}
 h - a potion of haste {unknown}
 j - 2 potions of curing
 q - a potion of might {unknown}
Comestibles
 f - 5 rations


   Skills:
 + Level 2.6 Fighting
 + Level 3.2 Short Blades
 + Level 2.7 Dodging
 + Level 2.3 Stealth
 + Level 4.0 Evocations


You had 4 spell levels left.
You didn't know any spells.

Dungeon Overview and Level Annotations

Branches:
Dungeon (4/15)
 Temple: D:4-7

Altars:
Sif Muna


Innate Abilities, Weirdness & Mutations

Your plain brown scales are hard. (AC +5)
You cannot fit into any form of body armour.
You are cold-blooded and may be slowed by cold attacks.


Message History

You tail-slap the ice beast, but do no damage.
The ice beast is almost dead.
The ice beast hits you. The ice beast freezes you!
You feel yourself slow down.
* * * LOW HITPOINT WARNING * * *
You hit the ice beast but do no damage.
The ice beast is almost dead.
The ice beast barely misses you.
Unknown command.
You feel yourself speed up.
There is a stone staircase leading up here.
It was a potion of curing.
You feel better. You block the ice beast's attack.
Found 5 stones.
It was a potion of magic.
Magic courses through your body.
The ice beast hits you but does no damage.
It was a potion of flight.
You feel very buoyant.
You fly up into the air.
The ice beast hits you.
* * * LOW HITPOINT WARNING * * *
The ice beast freezes you!
You feel yourself slow down.
You die...

.......#####.#
............##
.............#
#. #.#
#...###.######.
#............
#)..###<######.
## #Y# #@#
.....($....#
.........#.#
######.#.# # #.
.# #. .# #. .#
.. .#


You could see an ice beast.

Vanquished Creatures
  The ghost of topfpfpflanze the Slasher, an amateur VSFi (D:3)
  3 adders
  An ooze (D:3)
  2 worms
  2 dart slugs
  A leopard gecko (D:1)
  4 orcs (D:3)
  A giant cockroach (D:2)
  11 goblins
  3 hobgoblins
  8 kobolds
  A quokka (D:3)
  4 bats (D:1)
  2 frilled lizards (D:2)
  7 rats
51 creatures vanquished.

Notes
Turn   | Place    | Note
-------+----------+-------------------------------------------
     0 | D:1      | Manul the Draconian Artificer began the quest for the Orb.
     0 | D:1      | Reached XP level 1. HP: 16/16 MP: 3/3
    91 | D:1      | Reached XP level 2. HP: 16/23 MP: 4/4
   747 | D:1      | Reached XP level 3. HP: 26/28 MP: 5/5
  1119 | D:2      | Found a deep blue altar of Sif Muna.
  1596 | D:3      | Reached skill level 4 in Evocations
  1785 | D:3      | Reached XP level 4. HP: 36/36 MP: 7/7
  1925 | D:3      | Noticed topfpfpflanze's ghost (amateur VSFi)
  1935 | D:3      | Killed topfpfpflanze's ghost
  1935 | D:3      | Reached XP level 5. HP: 40/42 MP: 8/8
  2078 | D:4      | Noticed an ice beast
  2103 | D:4      | HP: 2/42 [ice beast (13)]
  2110 | D:4      | Slain by an ice beast

Skill      XL: |  1  2  3  4 |
---------------+-------------+-----
Dodging        | 2 |  2.7
Fighting       | 2 |  2.6
Evocations     | 4 |  4.0
Short Blades   | 3 |  3.2
Stealth        | 2 |  2.3

Action                   |  1- 3 |  4- 6 || total
-------------------------+-------+-------++-------
Melee: Short sword       |    33 |       ||    33
       Tailslap          |    12 |     9 ||    21
       Dagger            |    97 |    54 ||   151
Evoke: Wand              |     2 |     1 ||     3
  Use: Scroll            |     4 |       ||     4
       Potion            |       |     3 ||     3
 Stab: Sleeping          |     2 |     1 ||     3
       Paralysed         |       |     5 ||     5
  Eat: Chunk             |     3 |     1 ||     4
Armor: Skin              |    33 |     3 ||    36
Dodge: Dodged            |    60 |    20 ||    80
Block: Other             |     6 |     5 ||    11
